 Dungeon Crawl Stone Soup version 0.25-b1-23-ge2ad7d536c (webtiles) character file.

Game seed: 14802195810563987423, levelgen mode: deterministic

45 DiedBeforeTemple the Sneak (level 3, -1/18 HPs)
             Began as a Spriggan Assassin on June 2, 2020.
             Killed by divine providence
             ... invoked by an orc priest
              (13 damage)
             ... on level 3 of the Dungeon.
             The game lasted 00:05:20 (1460 turns).

DiedBeforeTemple the Sneak (Spriggan Assassin)      Turns: 1460, Time: 00:05:21

Health: -1/18      AC:  4    Str:  8    XL:     3   Next: 42%
Magic:  4/4        EV: 18    Int: 12    God:
Gold:   39         SH:  0    Dex: 23    Spells: 2/2 levels left

rFire    . . .     SeeInvis +   a - +2 dagger
rCold    . . .     Gourm    .   (shield restricted)
rNeg     . . .     Faith    .   b - +0 robe
rPois    .         Spirit   .   (helmet restricted)
rElec    .         Reflect  .   c - +1 cloak
rCorr    .         Harm     .   (gloves unavailable)
MR       .....                  (boots unavailable)
Stlth    ++++......             (no amulet)
HPRegen  0.06/turn              m - +6 ring of dexterity
MPRegen  0.09/turn              (no ring)

@: very quick
A: very small, unfitting armour, see invisible, herbivore, speed 3, slow
metabolism 2
a: no special abilities


You were on level 3 of the Dungeon.
You were not hungry.

You visited 1 branch of the dungeon, and saw 3 of its levels.

You collected 39 gold pieces.

Inventory:

Hand Weapons
 a - a +2 dagger (weapon)
Missiles
 d - 8 poisoned darts
 p - 2 throwing nets (quivered)
Armour
 b - a +0 robe (worn)
 c - a +1 cloak (worn)
Jewellery
 m - a +6 ring of dexterity (left hand)
Scrolls
 g - a scroll of immolation {unknown}
 h - a scroll of remove curse
 i - 4 scrolls of teleportation
Potions
 j - 2 potions of haste
 k - 2 potions of curing
 l - 2 potions of stabbing
 n - 2 potions of magic
 o - 2 potions of might
Comestibles
 f - 3 rations


   Skills:
 + Level 1.9 Fighting
 + Level 2.6 Short Blades
 + Level 2.0 Throwing
 + Level 2.3 Dodging
 + Level 6.9 Stealth


You had 2 spell levels left.
You didn't know any spells.
Your spell library was empty.

Dungeon Overview and Level Annotations

Branches:
Dungeon (3/15)

Altars:


Innate Abilities, Weirdness & Mutations

You are very small and have problems with some larger weapons.
You are too small for most types of armour.
You have supernaturally acute eyesight. (SInv)
You are a herbivore.
You cover ground extremely quickly.
You need to consume almost no food.


Message History

Throwing (i - inventory. (/) - cycle)
e - 2 curare-tipped darts (quivered)
Press: ? - help, Shift-Dir - straight line, f - orc priest
Aim: an orc priest (wandering, hasn't noticed you)
You throw a curare-tipped dart.
The curare-tipped dart closely misses the orc priest.
The orc priest shouts!
The orc priest begins to cast a cantrip, but forgets the words!
Throwing (i - inventory. (/) - cycle)
e - a curare-tipped dart (quivered)
Press: ? - help, Shift-Dir - straight line, f/p - orc priest
Aim: an orc priest You throw a curare-tipped dart.
The curare-tipped dart hits the orc priest.
The orc priest is poisoned.
The orc priest convulses.
The orc priest seems to slow down.
The orc priest is severely wounded.
You hear the slow rusting of a distant drain.
The orc priest mumbles some strange prayers to Beogh against you.
Beogh smites you!
Ouch! That really hurt!
You die...

*,*,** #..#..#..# ##.......#**,
,,..#####..#....@####.........#*,
,,...............o.o'......$..+,,
,,,.#####..#.....####.........#*,
,,*** #........# ##.......##*,
,** #.##.#.### ##.....## *, ,*
#.##.#.# ##...## *, ,* #......#
*#+## *, ,* ####.### *,**** *, ,*
#.# *,,,,**** ,* *,* ***
**,***,** ,*
*,***,*******,,,***,* **
*,**,*,,,,,,,,,,,**,*
*,,,***,*****,,,,**,** ****,*,**
**,*,,,,,, **,** **,,,**** ***
*****


You could see 2 orc priests.

Vanquished Creatures
  An ooze (D:1)
  A worm (D:2)
  3 dart slugs (D:1)
  An orc (D:3)
  A ball python (D:1)
  3 giant cockroaches
  3 goblins
  7 hobgoblins
  3 bats
  4 frilled lizards
  3 rats
30 creatures vanquished.

Notes
Turn   | Place    | Note
-------+----------+-------------------------------------------
     0 | D:1      | DiedBeforeTemple the Spriggan Assassin began the quest for
                  | the Orb.
     0 | D:1      | Reached XP level 1. HP: 10/10 MP: 2/2
    21 | D:1      | Reached skill level 6 in Stealth
   134 | D:1      | Reached XP level 2. HP: 15/15 MP: 3/3
   774 | D:2      | Reached XP level 3. HP: 18/18 MP: 4/4
  1460 | D:3      | Killed from afar by an orc priest

Illustrated notes

Levels and vault maps discovered:
D:1:      dpeg_arrival_refuge, layout_loops_ring
D:2:      layout_basic, minmay_misc_feat_x
D:3:      layout_loops_corners, cheibrodos_sewer_entry_drain, uniq_robin,
          uniq_terence

Skill      XL: |  1  2  3 |
---------------+----------+-----
Stealth        | 6 |  6.9
Dodging        | 2 |  2.3
Fighting       | |  1.9
Short Blades   | |  2.6
Throwing       | |  2.0

Action                   || total
-------------------------++-------
Melee: Dagger            ||    98
Throw: Dart              ||     2
  Use: Scroll            ||     9
 Stab: Sleeping          ||    12
Armor: Robe              ||     5
Dodge: Dodged            ||    45
